 Dungeon Crawl Stone Soup version 0.29-a0-582-ge82337ba6a (webtiles) character file.

Game seed: 1691095866159394708

1204 bande the Chopper (level 8, -3/51 HPs)
             Began as a Gargoyle Fighter on June 14, 2022.
             Was an Initiate of Okawaru.
             Killed from afar by a steam dragon (9 damage)
             ... with a ball of steam
             ... on level 6 of the Dungeon.
             The game lasted 00:07:14 (7116 turns).

bande the Chopper (Gargoyle Fighter)                Turns: 7116, Time: 00:07:15

Health: -3/51      AC: 17    Str: 25    XL:     8   Next: 45%
Magic:  8/8        EV:  6    Int: 10    God:    Okawaru [......]
Gold:   260        SH:  9    Dex: 11    Spells: 7/7 levels left

rFire   . . .      SeeInvis .   a - +1 war axe
rCold   . . .      Faith    .   b - +1 kite shield "Xaluestre" {Will+}
rNeg    + . .      Spirit   .   q - +0 chain mail
rPois   ∞          Reflect  .   (no helmet)
rElec   +          Harm     .   i - +0 cloak
rCorr   +          Rampage  .   (no gloves)
Will    +....                   (no boots)
Stlth   ..........              (no amulet)
HPRegen 0.17/turn               l - +6 ring of strength
MPRegen 0.11/turn               m - ring of resist corrosion

@: no status effects
A: sickness immunity, AC +5, negative energy resistance 1, electricity
resistance, torment resistance 1, petrification resistance
a: Renounce Religion


You were on level 6 of the Dungeon.
You worshipped Okawaru.
Okawaru was noncommittal.
You visited 2 branches of the dungeon, and saw 7 of its levels.

You collected 260 gold pieces.

Inventory:

Hand Weapons
 a - a +1 war axe (weapon)
 g - a +0 flail
Armour
 b - the +1 kite shield "Xaluestre" (worn) {Will+}
   (You acquired it on level 5 of the Dungeon)

   Will:      It increases your willpower.
 i - a +0 cloak (worn)
 q - a +0 chain mail (worn)
Jewellery
 l - a +6 ring of strength (left hand)
 m - a ring of resist corrosion (right hand)
Scrolls
 e - 2 scrolls of enchant armour
 f - 4 scrolls of identify
 j - a scroll of teleportation
 o - a scroll of enchant weapon
Potions
 c - a potion of lignification {unknown}
 d - 2 potions of might
 k - a potion of curing
 p - a potion of flight
 r - a potion of haste


   Skills:
 + Level 5.7 Fighting
 + Level 6.4 Axes
 + Level 5.9 Armour
 + Level 4.6 Shields
 * Level 1.2 Invocations


You had 7 spell levels left.
You didn't know any spells.
Your spell library contained the following spells:

 Spells                   Type           Power      Damage    Failure   Level
 Foxfire                  Conj/Fire      0%         2x1d4     100%        1
 Ensorcelled Hibernation  Hex/Ice        0%         N/A       100%        2
 Conjure Flame            Conj/Fire      0%         6-21      100%        3
 Inner Flame              Hex/Fire       0%         N/A       100%        3
 Spider Form              Tmut/Pois      0%         N/A       100%        3
 Anguish                  Hex/Necr       0%         N/A       100%        4
 Flame Wave               Conj/Fire      0%         2d4       100%        4


Dungeon Overview and Level Annotations

Branches:
Dungeon (6/15)             Temple (1/1) D:5

Altars:
Ashenzari
Cheibriados
Elyvilon
Fedhas
Hepliaklqana
Kikubaaqudgha
Makhleb
Okawaru
Qazlal
Ru
Sif Muna
Zin
The Shining One

Shops:
D:6 (


Innate Abilities, Weirdness & Mutations

You are immune to sickness and miasma.
Your stone body is resilient. (AC +5)
You are immune to poison.
You resist negative energy. (rN+)
You are resistant to electric shocks. (rElec)
You are resistant to unholy torment.
You are immune to petrification.


Message History

The steam dragon is moderately wounded.
You are engulfed in a cloud of scalding steam.
You block the steam dragon's attack. x2
You hit the steam dragon.
The steam dragon is moderately wounded.
The steam dragon bites you but does no damage.
The steam dragon completely misses you. You block the steam dragon's attack.
The steam dragon claws you but does no damage.
Unknown command.
You barely miss the steam dragon.
The steam dragon is moderately wounded.
The steam dragon barely misses you.
The steam dragon claws you but does no damage.
You closely miss the steam dragon.
The steam dragon is moderately wounded.
The steam dragon bites you.
* * * LOW HITPOINT WARNING * * *
The steam dragon claws you but does no damage.
You slash the steam dragon!
The steam dragon is severely wounded.
The steam dragon breathes steam at you.
The ball of steam hits you but does no damage.
The steam dragon bites you but does no damage.
You block the steam dragon's attack.
You barely miss the steam dragon.
The steam dragon is severely wounded.
The steam dragon bites you but does no damage.
The steam dragon claws you but does no damage.
Unknown command.
You barely miss the steam dragon.
The steam dragon is severely wounded.
You are engulfed in a cloud of scalding steam.
You block the steam dragon's attack. The steam dragon barely misses you.
You hit the steam dragon.
The steam dragon is severely wounded.
You are engulfed in a cloud of scalding steam.
* * * LOW HITPOINT WARNING * * *
The steam dragon breathes steam at you. The ball of steam hits you!
You die...

#......##.##.##.#.##
###.#### #.##.#.## #.#
#.......# ###.#
#####.#..# ##...## ...
...#...
##.....###...#######.#
#.....)....# ....
.##...∩D.!##... #....
......§@).# # ......
.###.†§.§## .##....
##).§## . ##... ....§#
#### ......# #....#.#
........# ........#


You could see a steam dragon (catching breath).

Vanquished Creatures
  A sky beast (D:6)
  2 ogres (D:5)
  2 centaurs
  A kobold brigand (D:6)
  A necrophage (D:5)
  3 scorpions (D:4)
  An orc priest (D:5)
  3 hounds
  3 iguanas
  An orc wizard (D:4)
  8 gnolls
  9 adders
  A shadow imp (D:5)
  3 dart slugs
  11 orcs
  6 ball pythons
  7 bats
  2 endoplasms
  2 giant cockroaches
  6 goblins
  9 hobgoblins
  2 jackals (D:4)
  2 quokkas
  14 kobolds
  4 rats
104 creatures vanquished.

Vanquished Creatures (others)
  A kobold (D:6)
1 creature vanquished.

Grand Total: 105 creatures vanquished

Notes
Turn   | Place    | Note
-------+----------+-------------------------------------------
     0 | D:1      | bande the Gargoyle Fighter began the quest for the Orb.
     0 | D:1      | Reached XP level 1. HP: 14/14 MP: 1/1
   186 | D:1      | Reached XP level 2. HP: 15/19 MP: 2/2
   466 | D:1      | You fall into a shaft and drop 1 floor!
   521 | D:2      | Reached skill level 2 in Axes
   623 | D:2      | Reached XP level 3. HP: 23/24 MP: 3/3
   817 | D:1      | Found a faded altar of an unknown god.
  2219 | D:1      | Reached XP level 4. HP: 11/29 MP: 4/4
  2723 | D:2      | Found a broken altar of Ashenzari.
  3085 | D:3      | Reached skill level 3 in Axes
  3085 | D:3      | Reached XP level 5. HP: 33/34 MP: 5/5
  4161 | D:4      | Reached XP level 6. HP: 23/39 MP: 6/6
  4363 | D:4      | Reached skill level 4 in Axes
  4737 | D:4      | Found a hazy altar of Hepliaklqana.
  4833 | D:4      | Reached XP level 7. HP: 44/44 MP: 7/7
  4868 | D:4      | Reached skill level 5 in Armour
  4909 | D:4      | Reached skill level 5 in Fighting
  5044 | D:5      | Entered Level 5 of the Dungeon
  5060 | D:5      | Found a staircase to the Ecumenical Temple.
  5093 | Temple   | Entered the Ecumenical Temple
  5350 | D:5      | Reached skill level 5 in Axes
  6426 | D:5      | Reached XP level 8. HP: 49/49 MP: 8/8
  6618 | D:5      | Found a snail-covered altar of Cheibriados.
  6657 | D:5      | Reached skill level 6 in Axes
  6801 | D:5      | Found an iron altar of Okawaru.
  6810 | D:5      | Became a worshipper of Warmaster Okawaru
  6812 | D:5      | Identified a scroll of acquirement
  6812 | D:5      | Acquired the +1 kite shield "Xaluestre" {Will+}
  7082 | D:6      | Found Deru's Weapon Shop.
  7095 | D:6      | Reached skill level 1 in Invocations
  7116 | D:6      | Killed from afar by a steam dragon

Illustrated notes

Levels and vault maps discovered:
D:1:      psy_arrival_whirlpool, layout_basic, shapermc_ecumenical_altar_pompeii
D:2:      layout_loops_ring, basic_altar
D:3:      layout_loops_ring, chequers_decorated_corner
D:4:      layout_loops_ring, mainiacjoe_overflow_chevrons
D:5:      layout_basic, grunt_temple_overflow_open, temple_pool_b
D:6:      cheibrodos_two_vegetables, layout_loops_cross, kennysheep_mini_moat,
          serial_shops, nicolae_shop_bloodbath_and_beyond, grunt_decor_fettered,
          nicolae_take_the_stairs
Temple:   jpeg_temple_alley_garden

Skill      XL: |  1  2  3  4  5  6  7  8 |
---------------+-------------------------+-----
Axes           | 2 3 4 5 6 |  6.4
Fighting       | 4 5 |  5.7
Armour         | 4 5 |  5.9
Shields        | 4 |  4.6
Invocations    | 1 |  1.2

Action                   |  1- 3 |  4- 6 |  7- 9 || total
-------------------------+-------+-------+-------++-------
Melee: War axe           |    87 |   159 |   102 ||   348
  Use: Scroll            |     6 |       |     6 ||    12
       Potion            |       |       |     1 ||     1
Armor: Scale mail        |    48 |   111 |     6 ||   165
       Chain mail        |       |       |    71 ||    71
Dodge: Dodged            |    40 |    75 |    45 ||   160
Block: Buckler           |    30 |    43 |    13 ||    86
       Kite shield       |       |       |    22 ||    22

Table legend: (Time is in decaauts)
 A = Elapsed time spent in this place.
 B = Non-inter-level travel time spent in this place.
 C = Inter-level travel time spent in this place.
 D = Time resting spent in this place.
 E = Time spent auto-exploring this place.
 F = Levels seen in this place.
 G = Mean time per level.
                   A        B        C        D        E       F      G
               +--------+--------+--------+--------+--------+-----+--------+
         Total |   7249 |   7054 |    195 |   2117 |   3934 |   7 | 1035.6 |
       Dungeon |   7015 |   6877 |    138 |   2117 |   3764 |   6 | 1169.2 |
        Temple |    234 |    177 |     57 |      0 |    170 |   1 |  234.0 |
               +--------+--------+--------+--------+--------+-----+--------+

Top non-repeatable levels by time:
     D:1: 2114 daAuts
     D:5: 1715 daAuts
     D:3: 1035 daAuts
     D:2: 1019 daAuts
     D:4: 978 daAuts
  Temple: 234 daAuts
     D:6: 152 daAuts
